Manchots vs Influenza
(R1)
Created - 26 mai 2013 at 00:10
Goals
|
| Manchots |
4 |
2 |
0 |
0 |
6 |
| Influenza |
3 |
2 |
1 |
1 |
7 |
|
Shots
|
| Manchots |
20 |
10 |
8 |
0 |
38 |
| Influenza |
19 |
6 |
5 |
1 |
31 |
|
1st period
1. Influenza , Blake Comeau 2 (Justin Abdelkader) at 4:58 (PP)
2. Influenza , Justin Abdelkader 1 (Lasse Kukkonen, Brent Krahn) at 11:19
3. Influenza , Blake Comeau 3 (Jamie McBain) at 12:31
4. Manchots , Alexander Radulov 3 (Martin Hanzal) at 14:07
5. Manchots , Ted Purcell 1 (Martin Hanzal, Alexander Radulov) at 15:43 (PP)
6. Manchots , Ted Purcell 2 (Petr Sykora, Logan Couture) at 18:26
7. Manchots , Denis Arkhipov 1 (Wade Belak) at 19:37
Penalties :
Pernell Karl Subban (Out) for Hooking (Minor) at 4:50, Robbie Earl (VJB) for Hooking (Minor) at 5:24, Jamie McBain (VJB) for Holding (Minor) at 5:41, Martin Hanzal (Out) for Tripping (Minor) at 5:41, Ryan Carter (VJB) for Tripping (Minor) at 15:29
2nd period
8. Manchots , Ted Purcell 3 (Petr Sykora, Logan Couture) at 11:20
9. Influenza , Jamie McBain 1 (Ryan Carter) at 13:09 (PP)
10. Manchots , Petr Sykora 3 (Hal Gill, Marc-Édouard Vlasic) at 14:27
11. Influenza , Ryan Vesce 2 (Jamie McBain, Robbie Earl) at 18:36 (PP)
Penalties :
Logan Couture (Out) for Interference (Minor) at 1:00, Robbie Earl (VJB) for Hooking (Minor) at 6:59, Wade Belak (Out) for Tripping (Minor) at 12:54, Logan Couture (Out) for Roughing (Minor) at 17:16, Martin Hanzal (Out) for High sticking (Minor) at 19:58
3rd period
12. Influenza , Martins Karsums 2 (Justin Abdelkader) at 10:23
Penalties :
Martin Hanzal (Out) for Holding Stick (Minor) at 4:53, Tim Gleason (VJB) for Interference (Minor) at 9:32, Jamie Benn (Out) for Hooking (Minor) at 9:32, Cal Clutterbuck (Out) for Roughing (Double Minor) at 11:57
Overtime #1
13. Influenza , Jamie McBain 2 (Ryan Carter) at 0:09 (PP)
Penalties :
Jamie Benn (Out) for Tripping (Minor) at 0:07
Goalie Stats
Sebastien Caron (Out), 24 saves from 31 shots - (0,774), OTL, 0-0-1, 60:09 minutes
Brent Krahn (VJB), 32 saves from 38 shots - (0,842), W, 3-0-0, 60:09 minutes
Players Stats for Manchots
Player Name G A P +/- PIM S H SB GA TA FO MP PP MP PK MP
------------------------------------------------------------------------------------
Alexander Radulov 1 1 2 0 0 3 0 0 0 0 0/0 16:57 1:32 0:00
Bryan Allen 0 0 0 -1 0 2 3 1 0 2 0/0 25:48 0:41 7:27
Cal Clutterbuck 0 0 0 1 4 0 1 0 0 0 0/0 7:32 0:00 0:00
Denis Arkhipov 1 0 1 1 0 3 3 0 1 0 4/5 11:41 0:06 2:56
Eric Tangradi 0 0 0 -1 0 0 0 0 0 0 0/0 6:07 0:00 0:00
Hal Gill 0 1 1 2 0 2 2 0 0 1 0/0 20:09 0:00 7:27
Jamie Benn 0 0 0 0 4 1 4 0 1 0 1/3 17:17 0:52 1:48
Jordan LaVallee 0 0 0 -2 0 1 0 0 0 0 0/0 6:55 0:06 0:00
Kris Russell 0 0 0 1 0 1 0 0 0 1 0/0 13:42 0:00 4:13
Logan Couture 0 2 2 3 4 2 1 0 0 0 10/22 16:52 0:52 0:26
Marc-Édouard Vlasic 0 1 1 2 0 1 1 1 1 0 0/0 25:06 1:49 4:13
Martin Hanzal 0 2 2 -1 6 5 2 1 1 1 14/29 19:21 1:31 2:09
Matt Corrente 0 0 0 1 0 1 2 0 0 2 0/0 11:32 0:41 0:00
Pernell Karl Subban 0 0 0 -1 2 1 6 2 0 0 0/0 24:00 1:49 0:00
Petr Sykora 1 2 3 3 0 6 3 0 1 0 1/4 19:47 0:52 3:43
Ted Purcell 3 0 3 3 0 8 0 0 0 1 1/1 15:36 1:32 0:00
Tyler Kennedy 0 0 0 -1 0 1 0 1 0 3 9/14 12:29 0:00 6:09
Wade Belak 0 1 1 1 2 0 1 0 0 0 2/3 14:06 0:06 6:09
Players Stats for Influenza
Player Name G A P +/- PIM S H SB GA TA FO MP PP MP PK MP
------------------------------------------------------------------------------------
Alexander Sulzer 0 0 0 0 0 1 2 0 1 0 0/0 17:13 4:39 1:34
Blake Comeau 2 0 2 -1 0 5 3 0 2 0 4/6 24:43 6:35 1:30
Brian Salcido 0 0 0 -1 0 0 0 0 1 1 0/0 11:43 0:00 0:16
Charles Linglet 0 0 0 -1 0 0 3 1 0 0 0/0 8:46 0:31 0:24
Cody McCormick 0 0 0 -1 0 1 0 0 0 0 3/9 13:59 1:59 1:11
Colton Orr 0 0 0 0 0 0 2 0 1 1 0/0 8:44 0:45 0:00
Jaime Sifers 0 0 0 1 0 1 1 1 1 0 0/0 19:56 4:39 1:06
Jamie McBain 2 2 4 0 2 4 1 2 0 2 0/0 22:28 7:01 1:42
Justin Abdelkader 1 2 3 0 0 4 4 0 1 1 1/2 21:41 5:59 0:36
Lasse Kukkonen 0 1 1 -2 0 2 2 2 0 0 0/0 28:31 7:01 2:50
Marek Zagrapan 0 0 0 0 0 0 2 0 0 0 1/3 8:30 0:00 0:14
Martins Karsums 1 0 1 0 0 2 0 0 1 0 1/1 16:22 4:20 0:00
Pierre-Cédric Labrie 0 0 0 0 0 0 1 0 0 0 0/0 7:57 0:00 0:00
Rob Schremp 0 0 0 0 0 1 0 0 1 0 0/0 1:51 0:00 0:37
Robbie Earl 0 1 1 -1 4 2 1 0 0 0 0/0 17:02 5:10 0:00
Ryan Carter 0 2 2 -1 2 6 1 2 0 0 21/43 23:54 5:59 2:10
Ryan Vesce 1 0 1 -2 0 2 2 0 2 0 8/17 18:30 3:42 0:00
Tim Gleason 0 0 0 -2 2 0 3 1 0 0 0/0 20:40 0:00 0:55
3 Stars
1 - Ted Purcell (Out)
2 - Petr Sykora (Out)
3 - Jamie McBain (VJB)
Power Play
Manchots - 1 on 3 Attempt(s) - 33,33%
Influenza - 4 on 9 Attempt(s) - 44,44%
Penalty Kill
Manchots - 5 on 9 Attempt(s) - 55,56%
- Score 0 goal in Penalty Kill
Influenza - 2 on 3 Attempt(s) - 66,67%
- Score 0 goal in Penalty Kill
Official
Referees : Pochmara Brian and VanMassenhoven Don
Linesman : Pierre Champoux and Derek Nansen
Game Notes
Rob Schremp is injured at 7:47 of 1st period (Left Foot)
Ted Purcell has scored a Hat Trick!
Finance
Level 1 -- Attendance: 1784 (89,20%) -- Ticket Income 62 440 $
Level 2 -- Attendance: 908 (90,80%) -- Ticket Income 13 620 $
Total Attendance: 2692 (89,73%)
Total Ticket Income: 76 060 $
Other Income: 3 803 $
Total Income: 79 863 $
Manchots
5 vs 5 Forward
Center Left Wing Right Wing Time % Phy DF OF
1 Martin Hanzal Jamie Benn Alexander Radulov 38 1 1 3
2 Logan Couture Ted Purcell Petr Sykora 37 1 1 3
3 Denis Arkhipov Cal Clutterbuck Wade Belak 20 1 2 2
4 Tyler Kennedy Eric Tangradi Jordan LaVallee 5 1 3 1
5 vs 5 Defense
Defense Defense Time % Phy DF OF
1 Bryan Allen Pernell Karl Subban 40 1 1 3
2 Hal Gill Marc-Édouard Vlasic 30 1 1 3
3 Kris Russell Matt Corrente 17 1 2 2
4 Pernell Karl Subban Marc-Édouard Vlasic 13 1 1 3
PowerPlay Forward
Center Left Wing Right Wing Time % Phy DF OF
1 Martin Hanzal Ted Purcell Alexander Radulov 60 0 1 4
2 Logan Couture Jamie Benn Petr Sykora 40 0 1 4
PowerPlay Defense
Defense Defense Time % Phy DF OF
1 Marc-Édouard Vlasic Pernell Karl Subban 66 0 1 4
2 Bryan Allen Matt Corrente 34 0 1 4
Penalty Kill 4 Players Forward
Center Wing Time % Phy DF OF
1 Tyler Kennedy Wade Belak 60 1 2 2
2 Martin Hanzal Petr Sykora 40 1 2 2
Penalty Kill 4 Players Defense
Defense Defense Time % Phy DF OF
1 Hal Gill Bryan Allen 60 1 2 2
2 Kris Russell Marc-Édouard Vlasic 40 1 2 2
Penalty Kill - 3 Players Forward
Forward Time % Phy DF OF
1 Wade Belak 60 1 2 2
2 Tyler Kennedy 40 1 3 1
Penalty Kill - 3 Players Defense
Defense Defense Time % Phy DF OF
1 Kris Russell Hal Gill 60 1 2 2
2 Matt Corrente Bryan Allen 40 1 2 2
4 vs 4 Forward
Center Wing Time % Phy DF OF
1 Martin Hanzal Alexander Radulov 60 0 1 4
2 Logan Couture Petr Sykora 40 1 1 3
4 vs 4 Defense
Defense Defense Time % Phy DF OF
1 Pernell Karl Subban Bryan Allen 60 1 1 3
2 Matt Corrente Marc-Édouard Vlasic 40 1 1 3
Last Minutes Offensive
Center Left Wing Right Wing Defense Defense
Martin Hanzal Jamie Benn Alexander Radulov Marc-Édouard Vlasic Pernell Karl Subban
Last Minutes Defensive
Center Left Wing Right Wing Defense Defense
Martin Hanzal Ted Purcell Wade Belak Bryan Allen Hal Gill
Goaltenders
Starting : Sebastien Caron
Backup : Ondrej Pavelec
Extra Forwards
Normal : Martin Hanzal, Alexander Radulov, Jamie Benn - PP : Petr Sykora, Alexander Radulov - PK : Wade Belak
Extra Defensemen
Normal : Marc-Édouard Vlasic, Pernell Karl Subban, Kris Russell - PP : Marc-Édouard Vlasic - PK : Hal Gill, Matt Corrente
Penalty Shots
Alexander Radulov, Martin Hanzal, Petr Sykora, Ted Purcell, Jamie Benn
Influenza
5 vs 5 Forward
Center Left Wing Right Wing Time % Phy DF OF
1 Ryan Carter Justin Abdelkader Blake Comeau 40 1 1 3
2 Rob Schremp Robbie Earl Martins Karsums 30 1 1 3
3 Cody McCormick Charles Linglet Ryan Vesce 20 1 2 2
4 Marek Zagrapan Pierre-Cédric Labrie Colton Orr 10 1 2 2
5 vs 5 Defense
Defense Defense Time % Phy DF OF
1 Lasse Kukkonen Tim Gleason 40 1 2 2
2 Jamie McBain Jaime Sifers 30 1 2 2
3 Alexander Sulzer Brian Salcido 20 1 2 2
4 Lasse Kukkonen Tim Gleason 10 1 2 2
PowerPlay Forward
Center Left Wing Right Wing Time % Phy DF OF
1 Ryan Carter Justin Abdelkader Blake Comeau 60 1 2 2
2 Rob Schremp Robbie Earl Martins Karsums 40 1 2 2
PowerPlay Defense
Defense Defense Time % Phy DF OF
1 Jamie McBain Lasse Kukkonen 60 1 2 2
2 Alexander Sulzer Jaime Sifers 40 1 2 2
Penalty Kill 4 Players Forward
Center Wing Time % Phy DF OF
1 Ryan Carter Blake Comeau 60 1 2 2
2 Rob Schremp Justin Abdelkader 40 1 2 2
Penalty Kill 4 Players Defense
Defense Defense Time % Phy DF OF
1 Jamie McBain Lasse Kukkonen 60 1 2 2
2 Alexander Sulzer Jaime Sifers 40 1 2 2
Penalty Kill - 3 Players Forward
Forward Time % Phy DF OF
1 Ryan Carter 60 1 2 2
2 Rob Schremp 40 1 2 2
Penalty Kill - 3 Players Defense
Defense Defense Time % Phy DF OF
1 Jamie McBain Lasse Kukkonen 60 1 2 2
2 Alexander Sulzer Jaime Sifers 40 1 2 2
4 vs 4 Forward
Center Wing Time % Phy DF OF
1 Ryan Carter Blake Comeau 60 1 2 2
2 Rob Schremp Justin Abdelkader 40 1 2 2
4 vs 4 Defense
Defense Defense Time % Phy DF OF
1 Jamie McBain Lasse Kukkonen 60 1 2 2
2 Alexander Sulzer Jaime Sifers 40 1 2 2
Last Minutes Offensive
Center Left Wing Right Wing Defense Defense
Ryan Carter Justin Abdelkader Blake Comeau Tim Gleason Lasse Kukkonen
Last Minutes Defensive
Center Left Wing Right Wing Defense Defense
Ryan Carter Justin Abdelkader Blake Comeau Tim Gleason Lasse Kukkonen
Goaltenders
Starting : Brent Krahn
Backup : Alex Stalock
Extra Forwards
Normal : Martins Karsums, Ryan Vesce, Rob Schremp - PP : Ryan Vesce, Martins Karsums - PK : Rob Schremp
Extra Defensemen
Normal : Jamie McBain, Tim Gleason, Alexander Sulzer - PP : Jamie McBain - PK : Tim Gleason, Jamie McBain
Penalty Shots
Justin Abdelkader, Ryan Carter, Martins Karsums, Rob Schremp, Robbie Earl
% Time on Ice - Manchots
Lines # - Real PCT - Wanted PCT - Time Play
Normal Forward
1 - 33% - 38% - 14:00
2 - 35% - 37% - 14:35
3 - 17% - 20% - 7:19
4 - 15% - 5% - 6:07
Normal Defense
1 - 37% - 40% - 15:43
2 - 29% - 30% - 12:10
3 - 22% - 17% - 9:15
4 - 12% - 13% - 4:53
PP Forward
1 - 65% - 60% - 1:38
2 - 35% - 40% - 0:52
PP Defense
1 - 73% - 66% - 1:49
2 - 27% - 34% - 0:41
PK Forward
1 - 68% - 60% - 7:57
2 - 32% - 40% - 3:43
PK Defense
1 - 64% - 60% - 7:27
2 - 36% - 40% - 4:13
PK3 Forward
1 - 0% - 60%
2 - 0% - 40%
PK3 Defense
1 - 0% - 60%
2 - 0% - 40%
44 Forward
1 - 84% - 60% - 3:21
2 - 16% - 40% - 0:37
44 Defense
1 - 63% - 60% - 2:30
2 - 37% - 40% - 1:28
Last Minute Offensive - 0:00
Last Minute Defensive - 0:00
Total
Forward - 60:09
Defense - 60:09
|
% Time on Ice - Influenza
Lines # - Real PCT - Wanted PCT - Time Play
Normal Forward
1 - 36% - 40% - 15:11
2 - 27% - 30% - 11:28
3 - 18% - 20% - 7:25
4 - 19% - 10% - 7:57
Normal Defense
1 - 40% - 40% - 16:41
2 - 32% - 30% - 13:20
3 - 24% - 20% - 10:16
4 - 4% - 10% - 1:44
PP Forward
1 - 51% - 60% - 5:59
2 - 49% - 40% - 5:41
PP Defense
1 - 60% - 60% - 7:01
2 - 40% - 40% - 4:39
PK Forward
1 - 76% - 60% - 1:54
2 - 24% - 40% - 0:36
PK Defense
1 - 69% - 60% - 1:43
2 - 31% - 40% - 0:47
PK3 Forward
1 - 73% - 60% - 1:14
2 - 27% - 40% - 0:28
PK3 Defense
1 - 81% - 60% - 1:23
2 - 19% - 40% - 0:19
44 Forward
1 - 65% - 60% - 1:29
2 - 35% - 40% - 0:47
44 Defense
1 - 63% - 60% - 1:26
2 - 37% - 40% - 0:50
Last Minute Offensive - 0:00
Last Minute Defensive - 0:00
Total
Forward - 60:09
Defense - 60:09
|
Play by Play
1st period
0:01 of 1st period - Ryan Carter wins face-off versus Martin Hanzal in neutral zone.
0:04 of 1st period - Snap shot by Justin Abdelkader.
0:04 of 1st period - Shot Misses the Net.
0:26 of 1st period - Lasse Kukkonen is hit by Bryan Allen and loses puck.
0:31 of 1st period - Snap shot by Ted Purcell.
0:31 of 1st period - Stopped by Brent Krahn with a rebound.
1:13 of 1st period - Snap shot by Jordan LaVallee.
1:13 of 1st period - Stopped by Brent Krahn without a rebound.
1:14 of 1st period - Ryan Carter wins face-off versus Tyler Kennedy in Influenza zone.
1:17 of 1st period - Slapshot by Jordan LaVallee.
1:17 of 1st period - Shot Blocked by Ryan Carter.
1:25 of 1st period - Snap shot by Justin Abdelkader.
1:25 of 1st period - Stopped by Sebastien Caron without a rebound.
1:26 of 1st period - Martin Hanzal wins face-off versus Marek Zagrapan in Manchots zone.
1:26 of 1st period - Martin Hanzal is hit by Colton Orr.
1:38 of 1st period - Slapshot by Lasse Kukkonen.
1:38 of 1st period - Stopped by Sebastien Caron with a rebound.
2:15 of 1st period - Denis Arkhipov is hit by Justin Abdelkader and loses puck.
2:34 of 1st period - Wrist shot by Cody McCormick.
2:34 of 1st period - Stopped by Sebastien Caron with a rebound.
2:36 of 1st period - Slapshot by Jamie McBain.
2:36 of 1st period - Stopped by Sebastien Caron without a rebound.
2:37 of 1st period - Tyler Kennedy wins face-off versus Cody McCormick in Manchots zone.
2:37 of 1st period - Tyler Kennedy is hit by Lasse Kukkonen.
2:53 of 1st period - Wrist shot by Ryan Vesce.
2:53 of 1st period - Shot Misses the Net.
3:23 of 1st period - Kris Russell is hit by Charles Linglet and loses puck.
4:07 of 1st period - Wrist shot by Jordan LaVallee.
4:07 of 1st period - Shot Misses the Net.
4:31 of 1st period - Snap shot by Tyler Kennedy.
4:31 of 1st period - Stopped by Brent Krahn with a rebound.
4:33 of 1st period - Slapshot by Matt Corrente.
4:33 of 1st period - Stopped by Brent Krahn without a rebound.
4:34 of 1st period - Ryan Carter wins face-off versus Logan Couture in Influenza zone.
4:50 of 1st period - Minor Penalty to Pernell Karl Subban for Hooking.
4:51 of 1st period - Blake Comeau wins face-off versus Denis Arkhipov in Manchots zone.
4:58 of 1st period - Slapshot by Blake Comeau.
4:58 of 1st period - Goal by Blake Comeau - Manchots : 0 - Influenza : 1.
4:59 of 1st period - Martin Hanzal wins face-off versus Ryan Carter in neutral zone.
5:01 of 1st period - Marc-Édouard Vlasic is hit by Tim Gleason and loses puck.
5:24 of 1st period - Minor Penalty to Robbie Earl for Hooking.
5:25 of 1st period - Ryan Carter wins face-off versus Martin Hanzal in Influenza zone.
5:36 of 1st period - Slapshot by Blake Comeau.
5:36 of 1st period - Stopped by Sebastien Caron without a rebound.
5:37 of 1st period - Martin Hanzal wins face-off versus Ryan Carter in Manchots zone.
5:41 of 1st period - Minor Penalty to Jamie McBain for Holding.
5:41 of 1st period - Minor Penalty to Martin Hanzal for Tripping.
5:42 of 1st period - Jamie Benn wins face-off versus Ryan Carter in neutral zone.
5:47 of 1st period - Tim Gleason is hit by Pernell Karl Subban and loses puck.
5:58 of 1st period - Bryan Allen is hit by Ryan Carter and loses puck.
7:24 of 1st period - Penalty to Robbie Earl is over, Robbie Earl is back on ice.
7:31 of 1st period - Snap shot by Rob Schremp.
7:31 of 1st period - Stopped by Sebastien Caron with a rebound.
7:41 of 1st period - Penalty to Jamie McBain is over, Jamie McBain is back on ice.
7:41 of 1st period - Penalty to Martin Hanzal is over, Martin Hanzal is back on ice.
7:46 of 1st period - Rob Schremp is hit by Jamie Benn.
7:47 of 1st period - Rob Schremp from Influenza is injured at 7:47 of 1st period (Left Foot).
7:48 of 1st period - Ryan Carter wins face-off versus Logan Couture in Influenza zone.
8:10 of 1st period - Lasse Kukkonen is hit by Pernell Karl Subban and loses puck.
8:21 of 1st period - Slapshot by Ryan Carter.
8:21 of 1st period - Shot Misses the Net.
8:23 of 1st period - Snap shot by Ryan Carter.
8:23 of 1st period - Shot Misses the Net.
8:31 of 1st period - Wrist shot by Petr Sykora.
8:31 of 1st period - Stopped by Brent Krahn without a rebound.
8:32 of 1st period - Martin Hanzal wins face-off versus Ryan Vesce in Influenza zone.
8:35 of 1st period - Slapshot by Martin Hanzal.
8:35 of 1st period - Stopped by Brent Krahn without a rebound.
8:36 of 1st period - Ryan Vesce wins face-off versus Martin Hanzal in Influenza zone.
9:08 of 1st period - Slapshot by Marc-Édouard Vlasic.
9:08 of 1st period - Deflect By Denis Arkhipov.
9:08 of 1st period - Shot Misses the Net.
9:08 of 1st period - Puck is out of play.
9:09 of 1st period - Ryan Carter wins face-off versus Wade Belak in Influenza zone.
9:09 of 1st period - Ryan Carter is hit by Cal Clutterbuck.
9:20 of 1st period - Slapshot by Ryan Carter.
9:20 of 1st period - Deflect By Justin Abdelkader.
9:20 of 1st period - Stopped by Sebastien Caron with a rebound.
9:22 of 1st period - Slapshot by Alexander Sulzer.
9:22 of 1st period - Stopped by Sebastien Caron with a rebound.
9:24 of 1st period - Backhand shot by Ryan Carter.
9:24 of 1st period - Stopped by Sebastien Caron with a rebound.
10:19 of 1st period - Snap shot by Ryan Carter.
10:19 of 1st period - Stopped by Sebastien Caron with a rebound.
10:21 of 1st period - Snap shot by Blake Comeau.
10:21 of 1st period - Deflect By Ryan Carter.
10:21 of 1st period - Stopped by Sebastien Caron with a rebound.
10:41 of 1st period - Alexander Radulov is hit by Charles Linglet and loses puck.
10:50 of 1st period - Slapshot by Marc-Édouard Vlasic.
10:50 of 1st period - Stopped by Brent Krahn with a rebound.
11:19 of 1st period - Snap shot by Justin Abdelkader.
11:19 of 1st period - Goal by Justin Abdelkader - Manchots : 0 - Influenza : 2.
11:20 of 1st period - Martin Hanzal wins face-off versus Ryan Carter in neutral zone.
11:23 of 1st period - Blake Comeau is hit by Pernell Karl Subban and loses puck.
11:30 of 1st period - Slapshot by Tim Gleason.
11:30 of 1st period - Shot Misses the Net.
11:49 of 1st period - Snap shot by Bryan Allen.
11:49 of 1st period - Stopped by Brent Krahn without a rebound.
11:50 of 1st period - Ryan Vesce wins face-off versus Logan Couture in Influenza zone.
12:00 of 1st period - Snap shot by Robbie Earl.
12:00 of 1st period - Shot Misses the Net.
12:02 of 1st period - Snap shot by Martins Karsums.
12:02 of 1st period - Deflect By Ryan Vesce.
12:02 of 1st period - Shot Misses the Net.
12:02 of 1st period - Puck is out of play.
12:03 of 1st period - Ryan Carter wins face-off versus Martin Hanzal in Manchots zone.
12:04 of 1st period - Slapshot by Blake Comeau.
12:04 of 1st period - Deflect By Ryan Carter.
12:04 of 1st period - Shot Blocked by Pernell Karl Subban.
12:04 of 1st period - Puck is out of play.
12:05 of 1st period - Blake Comeau wins face-off versus Jamie Benn in Manchots zone.
12:26 of 1st period - Martin Hanzal is hit by Blake Comeau and loses puck.
12:31 of 1st period - Slapshot by Blake Comeau.
12:31 of 1st period - Goal by Blake Comeau - Manchots : 0 - Influenza : 3.
12:32 of 1st period - Logan Couture wins face-off versus Ryan Vesce in neutral zone.
12:37 of 1st period - Snap shot by Petr Sykora.
12:37 of 1st period - Deflect By Ted Purcell.
12:37 of 1st period - Shot Blocked by Tim Gleason.
12:37 of 1st period - Puck is out of play.
12:38 of 1st period - Logan Couture wins face-off versus Ryan Vesce in Influenza zone.
12:47 of 1st period - Snap shot by Logan Couture.
12:47 of 1st period - Stopped by Brent Krahn with a rebound.
13:00 of 1st period - Icing by Tim Gleason.
13:01 of 1st period - Martin Hanzal wins face-off versus Ryan Carter in Influenza zone.
13:08 of 1st period - Snap shot by Martin Hanzal.
13:08 of 1st period - Shot Hit the Post.
13:49 of 1st period - Hal Gill is hit by Alexander Sulzer and loses puck.
13:56 of 1st period - Wrist shot by Denis Arkhipov.
13:56 of 1st period - Stopped by Brent Krahn with a rebound.
13:58 of 1st period - Wrist shot by Kris Russell.
13:58 of 1st period - Stopped by Brent Krahn without a rebound.
13:59 of 1st period - Martin Hanzal wins face-off versus Blake Comeau in Influenza zone.
14:07 of 1st period - Snap shot by Alexander Radulov.
14:07 of 1st period - Goal by Alexander Radulov - Manchots : 1 - Influenza : 3.
14:08 of 1st period - Logan Couture wins face-off versus Ryan Carter in neutral zone.
14:35 of 1st period - Robbie Earl is hit by Jamie Benn and loses puck.
15:29 of 1st period - Minor Penalty to Ryan Carter for Tripping.
15:30 of 1st period - Martin Hanzal wins face-off versus Blake Comeau in Influenza zone.
15:31 of 1st period - Slapshot by Ted Purcell.
15:31 of 1st period - Shot Blocked by Jamie McBain.
15:43 of 1st period - Snap shot by Martin Hanzal.
15:43 of 1st period - Deflect By Ted Purcell.
15:43 of 1st period - Goal by Ted Purcell - Manchots : 2 - Influenza : 3.
15:44 of 1st period - Martin Hanzal wins face-off versus Ryan Carter in neutral zone.
16:06 of 1st period - Icing by Tim Gleason.
16:07 of 1st period - Ryan Vesce wins face-off versus Logan Couture in Influenza zone.
16:22 of 1st period - Wrist shot by Ted Purcell.
16:22 of 1st period - Shot Misses the Net.
16:34 of 1st period - Justin Abdelkader is hit by Jamie Benn and loses puck.
16:41 of 1st period - Slapshot by Justin Abdelkader.
16:41 of 1st period - Deflect By Blake Comeau.
16:41 of 1st period - Shot Blocked by Martin Hanzal.
16:41 of 1st period - Puck is out of play.
16:42 of 1st period - Martin Hanzal wins face-off versus Ryan Carter in Manchots zone.
16:49 of 1st period - Wrist shot by Ryan Carter.
16:49 of 1st period - Stopped by Sebastien Caron without a rebound.
16:50 of 1st period - Ryan Carter wins face-off versus Martin Hanzal in Manchots zone.
17:02 of 1st period - Snap shot by Ryan Carter.
17:02 of 1st period - Stopped by Sebastien Caron without a rebound.
17:03 of 1st period - Ryan Vesce wins face-off versus Logan Couture in Manchots zone.
17:28 of 1st period - Tim Gleason is hit by Marc-Édouard Vlasic and loses puck.
17:35 of 1st period - Snap shot by Martin Hanzal.
17:35 of 1st period - Shot Misses the Net.
18:10 of 1st period - Snap shot by Ted Purcell.
18:10 of 1st period - Deflect By Petr Sykora.
18:10 of 1st period - Stopped by Brent Krahn with a rebound.
18:12 of 1st period - Wrist shot by Ted Purcell.
18:12 of 1st period - Stopped by Brent Krahn without a rebound.
18:13 of 1st period - Logan Couture wins face-off versus Ryan Vesce in Influenza zone.
18:26 of 1st period - Slapshot by Ted Purcell.
18:26 of 1st period - Goal by Ted Purcell - Manchots : 3 - Influenza : 3.
18:27 of 1st period - Ryan Vesce wins face-off versus Martin Hanzal in neutral zone.
18:34 of 1st period - Snap shot by Robbie Earl.
18:34 of 1st period - Stopped by Sebastien Caron without a rebound.
18:35 of 1st period - Ryan Vesce wins face-off versus Martin Hanzal in Manchots zone.
18:46 of 1st period - Snap shot by Robbie Earl.
18:46 of 1st period - Stopped by Sebastien Caron without a rebound.
18:47 of 1st period - Ryan Carter wins face-off versus Logan Couture in Manchots zone.
19:12 of 1st period - Martin Hanzal is hit by Ryan Vesce and loses puck.
19:21 of 1st period - Wrist shot by Hal Gill.
19:21 of 1st period - Deflect By Martins Karsums.
19:21 of 1st period - Stopped by Brent Krahn with a rebound.
19:31 of 1st period - Snap shot by Wade Belak.
19:31 of 1st period - Shot Blocked by Lasse Kukkonen.
19:33 of 1st period - Slapshot by Hal Gill.
19:33 of 1st period - Stopped by Brent Krahn without a rebound.
19:34 of 1st period - Denis Arkhipov wins face-off versus Marek Zagrapan in Influenza zone.
19:37 of 1st period - Snap shot by Denis Arkhipov.
19:37 of 1st period - Goal by Denis Arkhipov - Manchots : 4 - Influenza : 3.
19:38 of 1st period - Blake Comeau wins face-off versus Logan Couture in neutral zone.
19:45 of 1st period - Backhand shot by Justin Abdelkader.
19:45 of 1st period - Stopped by Sebastien Caron without a rebound.
19:46 of 1st period - Logan Couture wins face-off versus Justin Abdelkader in Manchots zone.
19:55 of 1st period - Snap shot by Ted Purcell.
19:55 of 1st period - Deflect By Petr Sykora.
19:55 of 1st period - Stopped by Brent Krahn without a rebound.
19:56 of 1st period - Ryan Carter wins face-off versus Logan Couture in Influenza zone.
19:56 of 1st period - Ryan Carter is hit by Petr Sykora.
2nd period
0:01 of 2nd period - Ryan Carter wins face-off versus Martin Hanzal in neutral zone.
0:31 of 2nd period - Backhand shot by Alexander Radulov.
0:31 of 2nd period - Stopped by Brent Krahn with a rebound.
0:33 of 2nd period - Slapshot by Pernell Karl Subban.
0:33 of 2nd period - Stopped by Brent Krahn with a rebound.
0:40 of 2nd period - Snap shot by Alexander Radulov.
0:40 of 2nd period - Deflect By Martin Hanzal.
0:40 of 2nd period - Shot Misses the Net.
0:40 of 2nd period - Puck is out of play.
0:41 of 2nd period - Cody McCormick wins face-off versus Petr Sykora in Influenza zone.
0:41 of 2nd period - Cody McCormick is hit by Pernell Karl Subban.
0:49 of 2nd period - Wrist shot by Ryan Vesce.
0:49 of 2nd period - Stopped by Sebastien Caron with a rebound.
0:51 of 2nd period - Slapshot by Lasse Kukkonen.
0:51 of 2nd period - Deflect By Ryan Vesce.
0:51 of 2nd period - Shot Misses the Net.
0:51 of 2nd period - Puck is out of play.
0:52 of 2nd period - Logan Couture wins face-off versus Ryan Vesce in Manchots zone.
0:59 of 2nd period - Slapshot by Bryan Allen.
0:59 of 2nd period - Stopped by Brent Krahn with a rebound.
1:00 of 2nd period - Minor Penalty to Logan Couture for Interference.
1:01 of 2nd period - Ryan Carter wins face-off versus Tyler Kennedy in Manchots zone.
2:11 of 2nd period - Jamie Benn is hit by Blake Comeau.
3:00 of 2nd period - Penalty to Logan Couture is over, Logan Couture is back on ice.
3:13 of 2nd period - Icing by Alexander Sulzer.
3:14 of 2nd period - Marek Zagrapan wins face-off versus Martin Hanzal in Influenza zone.
3:19 of 2nd period - Pernell Karl Subban is hit by Pierre-Cédric Labrie and loses puck.
3:28 of 2nd period - Slapshot by Lasse Kukkonen.
3:28 of 2nd period - Shot Blocked by Pernell Karl Subban.
3:44 of 2nd period - Alexander Radulov is hit by Colton Orr.
3:48 of 2nd period - Marek Zagrapan is hit by Matt Corrente and loses puck.
4:09 of 2nd period - Wrist shot by Alexander Radulov.
4:09 of 2nd period - Shot Hit the Post.
4:27 of 2nd period - Wrist shot by Alexander Radulov.
4:27 of 2nd period - Stopped by Brent Krahn without a rebound.
4:28 of 2nd period - Ryan Carter wins face-off versus Logan Couture in Influenza zone.
4:55 of 2nd period - Pernell Karl Subban is hit by Robbie Earl and loses puck.
5:08 of 2nd period - Martins Karsums is hit by Bryan Allen and loses puck.
5:18 of 2nd period - Icing by Martins Karsums.
5:19 of 2nd period - Ryan Vesce wins face-off versus Petr Sykora in Influenza zone.
5:46 of 2nd period - Jamie McBain is hit by Wade Belak and loses puck.
6:42 of 2nd period - Backhand shot by Martin Hanzal.
6:42 of 2nd period - Deflect By Jamie Benn.
6:42 of 2nd period - Shot Misses the Net.
6:42 of 2nd period - Puck is out of play.
6:43 of 2nd period - Logan Couture wins face-off versus Cody McCormick in Influenza zone.
6:58 of 2nd period - Snap shot by Ted Purcell.
6:58 of 2nd period - Shot Misses the Net.
6:59 of 2nd period - Minor Penalty to Robbie Earl for Hooking.
7:00 of 2nd period - Martin Hanzal wins face-off versus Ryan Carter in Influenza zone.
7:03 of 2nd period - Snap shot by Ted Purcell.
7:03 of 2nd period - Shot Misses the Net.
8:34 of 2nd period - Alexander Radulov is hit by Justin Abdelkader and loses puck.
8:59 of 2nd period - Penalty to Robbie Earl is over, Robbie Earl is back on ice.
9:03 of 2nd period - Robbie Earl is hit by Pernell Karl Subban.
9:09 of 2nd period - Pernell Karl Subban is hit by Alexander Sulzer and loses puck.
9:31 of 2nd period - Icing by Tim Gleason.
9:32 of 2nd period - Petr Sykora wins face-off versus Cody McCormick in Influenza zone.
9:35 of 2nd period - Snap shot by Petr Sykora.
9:35 of 2nd period - Stopped by Brent Krahn with a rebound.
9:37 of 2nd period - Slapshot by Logan Couture.
9:37 of 2nd period - Stopped by Brent Krahn with a rebound.
10:00 of 2nd period - Icing by Tim Gleason.
10:01 of 2nd period - Tyler Kennedy wins face-off versus Ryan Vesce in Influenza zone.
10:37 of 2nd period - Tim Gleason is hit by Petr Sykora and loses puck.
11:03 of 2nd period - Alexander Sulzer is hit by Martin Hanzal and loses puck.
11:12 of 2nd period - Slapshot by Alexander Radulov.
11:12 of 2nd period - Shot Misses the Net.
11:14 of 2nd period - Wrist shot by Alexander Radulov.
11:14 of 2nd period - Deflect By Martin Hanzal.
11:14 of 2nd period - Shot Misses the Net.
11:14 of 2nd period - Puck is out of play.
11:15 of 2nd period - Logan Couture wins face-off versus Cody McCormick in Influenza zone.
11:18 of 2nd period - Snap shot by Petr Sykora.
11:18 of 2nd period - Shot Blocked by Jaime Sifers.
11:20 of 2nd period - Snap shot by Ted Purcell.
11:20 of 2nd period - Goal by Ted Purcell - Manchots : 5 - Influenza : 3.
11:21 of 2nd period - Ryan Carter wins face-off versus Logan Couture in neutral zone.
11:32 of 2nd period - Off-side.
11:33 of 2nd period - Ryan Carter wins face-off versus Petr Sykora in neutral zone.
12:08 of 2nd period - Off-side.
12:09 of 2nd period - Logan Couture wins face-off versus Ryan Vesce in neutral zone.
12:39 of 2nd period - Snap shot by Martin Hanzal.
12:39 of 2nd period - Shot Misses the Net.
12:49 of 2nd period - Slapshot by Martin Hanzal.
12:49 of 2nd period - Stopped by Brent Krahn with a rebound.
12:54 of 2nd period - Minor Penalty to Wade Belak for Tripping.
12:55 of 2nd period - Tyler Kennedy wins face-off versus Ryan Carter in Manchots zone.
12:55 of 2nd period - Tyler Kennedy is hit by Justin Abdelkader.
13:09 of 2nd period - Snap shot by Jamie McBain.
13:09 of 2nd period - Deflect By Hal Gill.
13:09 of 2nd period - Goal by Jamie McBain - Manchots : 5 - Influenza : 4.
13:10 of 2nd period - Justin Abdelkader wins face-off versus Logan Couture in neutral zone.
13:16 of 2nd period - Off-side.
13:17 of 2nd period - Ted Purcell wins face-off versus Ryan Carter in neutral zone.
14:12 of 2nd period - Petr Sykora is hit by Blake Comeau and loses puck.
14:23 of 2nd period - Snap shot by Ted Purcell.
14:23 of 2nd period - Stopped by Brent Krahn with a rebound.
14:25 of 2nd period - Slapshot by Marc-Édouard Vlasic.
14:25 of 2nd period - Shot Blocked by Ryan Carter.
14:27 of 2nd period - Slapshot by Hal Gill.
14:27 of 2nd period - Deflect By Petr Sykora.
14:27 of 2nd period - Goal by Petr Sykora - Manchots : 6 - Influenza : 4.
14:28 of 2nd period - Cody McCormick wins face-off versus Martin Hanzal in neutral zone.
14:54 of 2nd period - Brian Salcido is hit by Denis Arkhipov and loses puck.
17:16 of 2nd period - Minor Penalty to Logan Couture for Roughing.
17:17 of 2nd period - Ryan Carter wins face-off versus Tyler Kennedy in Manchots zone.
17:28 of 2nd period - Snap shot by Ryan Carter.
17:28 of 2nd period - Deflect By Wade Belak.
17:28 of 2nd period - Shot Misses the Net.
17:28 of 2nd period - Puck is out of play.
17:29 of 2nd period - Ryan Carter wins face-off versus Tyler Kennedy in Manchots zone.
17:58 of 2nd period - Slapshot by Jamie McBain.
17:58 of 2nd period - Shot Misses the Net.
18:00 of 2nd period - Slapshot by Lasse Kukkonen.
18:00 of 2nd period - Stopped by Sebastien Caron without a rebound.
18:01 of 2nd period - Tyler Kennedy wins face-off versus Ryan Carter in Manchots zone.
18:16 of 2nd period - Snap shot by Blake Comeau.
18:16 of 2nd period - Stopped by Sebastien Caron with a rebound.
18:34 of 2nd period - Snap shot by Jamie McBain.
18:34 of 2nd period - Shot Blocked by Marc-Édouard Vlasic.
18:36 of 2nd period - Wrist shot by Ryan Vesce.
18:36 of 2nd period - Goal by Ryan Vesce - Manchots : 6 - Influenza : 5.
18:37 of 2nd period - Martin Hanzal wins face-off versus Ryan Carter in neutral zone.
18:40 of 2nd period - Ryan Carter is hit by Pernell Karl Subban and loses puck.
19:02 of 2nd period - Logan Couture is hit by Ryan Vesce.
19:06 of 2nd period - Ted Purcell is hit by Jamie McBain and loses puck.
19:19 of 2nd period - Slapshot by Jamie McBain.
19:19 of 2nd period - Shot Misses the Net.
19:21 of 2nd period - Snap shot by Pierre-Cédric Labrie.
19:21 of 2nd period - Shot Misses the Net.
19:23 of 2nd period - Wrist shot by Pierre-Cédric Labrie.
19:23 of 2nd period - Shot Blocked by Bryan Allen.
19:25 of 2nd period - Slapshot by Jamie McBain.
19:25 of 2nd period - Stopped by Sebastien Caron without a rebound.
19:26 of 2nd period - Wade Belak wins face-off versus Ryan Carter in Manchots zone.
19:26 of 2nd period - Wade Belak is hit by Justin Abdelkader.
19:52 of 2nd period - Charles Linglet is hit by Jamie Benn and loses puck.
19:58 of 2nd period - Minor Penalty to Martin Hanzal for High sticking.
19:59 of 2nd period - Tyler Kennedy wins face-off versus Ryan Carter in Manchots zone.
3rd period
0:01 of 3rd period - Tyler Kennedy wins face-off versus Ryan Carter in neutral zone.
0:28 of 3rd period - Martins Karsums is hit by Petr Sykora and loses puck.
1:58 of 3rd period - Penalty to Martin Hanzal is over, Martin Hanzal is back on ice.
2:01 of 3rd period - Martin Hanzal is hit by Marek Zagrapan and loses puck.
2:14 of 3rd period - Alexander Sulzer is hit by Bryan Allen and loses puck.
3:25 of 3rd period - Ryan Vesce is hit by Denis Arkhipov and loses puck.
4:09 of 3rd period - Alexander Radulov is hit by Marek Zagrapan.
4:53 of 3rd period - Minor Penalty to Martin Hanzal for Holding Stick.
4:54 of 3rd period - Wade Belak wins face-off versus Ryan Carter in Manchots zone.
6:37 of 3rd period - Alexander Sulzer is hit by Logan Couture.
6:41 of 3rd period - Cody McCormick is hit by Hal Gill and loses puck.
6:48 of 3rd period - Logan Couture is hit by Jaime Sifers and loses puck.
6:53 of 3rd period - Penalty to Martin Hanzal is over, Martin Hanzal is back on ice.
8:42 of 3rd period - Pernell Karl Subban is hit by Tim Gleason and loses puck.
9:20 of 3rd period - Cody McCormick is hit by Martin Hanzal and loses puck.
9:32 of 3rd period - Minor Penalty to Tim Gleason for Interference.
9:32 of 3rd period - Minor Penalty to Jamie Benn for Hooking.
9:33 of 3rd period - Ryan Carter wins face-off versus Martin Hanzal in neutral zone.
9:42 of 3rd period - Alexander Radulov is hit by Lasse Kukkonen and loses puck.
10:19 of 3rd period - Slapshot by Jaime Sifers.
10:19 of 3rd period - Stopped by Sebastien Caron without a rebound.
10:20 of 3rd period - Martins Karsums wins face-off versus Martin Hanzal in Manchots zone.
10:23 of 3rd period - Wrist shot by Martins Karsums.
10:23 of 3rd period - Goal by Martins Karsums - Manchots : 6 - Influenza : 6.
10:24 of 3rd period - Martin Hanzal wins face-off versus Ryan Carter in neutral zone.
10:29 of 3rd period - Snap shot by Martin Hanzal.
10:29 of 3rd period - Stopped by Brent Krahn without a rebound.
10:30 of 3rd period - Ryan Carter wins face-off versus Martin Hanzal in Influenza zone.
11:21 of 3rd period - Alexander Sulzer is hit by Matt Corrente and loses puck.
11:32 of 3rd period - Penalty to Tim Gleason is over, Tim Gleason is back on ice.
11:32 of 3rd period - Penalty to Jamie Benn is over, Jamie Benn is back on ice.
11:34 of 3rd period - Martin Hanzal is hit by Tim Gleason and loses puck.
11:39 of 3rd period - Snap shot by Martins Karsums.
11:39 of 3rd period - Stopped by Sebastien Caron without a rebound.
11:40 of 3rd period - Cody McCormick wins face-off versus Logan Couture in Manchots zone.
11:54 of 3rd period - Snap shot by Ted Purcell.
11:54 of 3rd period - Stopped by Brent Krahn without a rebound.
11:55 of 3rd period - Denis Arkhipov wins face-off versus Ryan Carter in Influenza zone.
11:57 of 3rd period - Double Minor Penalty to Cal Clutterbuck for Roughing.
11:58 of 3rd period - Tyler Kennedy wins face-off versus Ryan Carter in Manchots zone.
13:27 of 3rd period - Snap shot by Ryan Carter.
13:27 of 3rd period - Stopped by Sebastien Caron without a rebound.
13:28 of 3rd period - Tyler Kennedy wins face-off versus Ryan Vesce in Manchots zone.
13:36 of 3rd period - Off-side.
13:37 of 3rd period - Tyler Kennedy wins face-off versus Ryan Vesce in neutral zone.
13:53 of 3rd period - Off-side.
13:54 of 3rd period - Ryan Vesce wins face-off versus Martin Hanzal in neutral zone.
15:57 of 3rd period - Penalty to Cal Clutterbuck is over, Cal Clutterbuck is back on ice.
15:58 of 3rd period - Icing by Wade Belak.
15:59 of 3rd period - Martin Hanzal wins face-off versus Cody McCormick in Manchots zone.
16:04 of 3rd period - Slapshot by Marc-Édouard Vlasic.
16:04 of 3rd period - Shot Blocked by Charles Linglet.
16:06 of 3rd period - Slapshot by Kris Russell.
16:06 of 3rd period - Shot Blocked by Lasse Kukkonen.
16:08 of 3rd period - Wrist shot by Martin Hanzal.
16:08 of 3rd period - Deflect By Jamie McBain.
16:08 of 3rd period - Stopped by Brent Krahn with a rebound.
16:10 of 3rd period - Slapshot by Marc-Édouard Vlasic.
16:10 of 3rd period - Deflect By Martin Hanzal.
16:10 of 3rd period - Stopped by Brent Krahn without a rebound.
16:11 of 3rd period - Denis Arkhipov wins face-off versus Ryan Carter in Influenza zone.
16:22 of 3rd period - Slapshot by Denis Arkhipov.
16:22 of 3rd period - Stopped by Brent Krahn with a rebound.
17:24 of 3rd period - Slapshot by Blake Comeau.
17:24 of 3rd period - Shot Blocked by Tyler Kennedy.
17:42 of 3rd period - Wrist shot by Martin Hanzal.
17:42 of 3rd period - Shot Blocked by Jamie McBain.
17:44 of 3rd period - Wrist shot by Jamie Benn.
17:44 of 3rd period - Stopped by Brent Krahn without a rebound.
17:45 of 3rd period - Ryan Carter wins face-off versus Martin Hanzal in Influenza zone.
17:56 of 3rd period - Snap shot by Alexander Radulov.
17:56 of 3rd period - Shot Misses the Net.
18:12 of 3rd period - Cody McCormick is hit by Denis Arkhipov and loses puck.
18:55 of 3rd period - Wrist shot by Petr Sykora.
18:55 of 3rd period - Stopped by Brent Krahn with a rebound.
18:57 of 3rd period - Slapshot by Ted Purcell.
18:57 of 3rd period - Stopped by Brent Krahn without a rebound.
18:58 of 3rd period - Logan Couture wins face-off versus Ryan Carter in Influenza zone.
19:19 of 3rd period - Slapshot by Blake Comeau.
19:19 of 3rd period - Stopped by Sebastien Caron without a rebound.
19:20 of 3rd period - Denis Arkhipov wins face-off versus Cody McCormick in Manchots zone.
19:20 of 3rd period - Denis Arkhipov is hit by Charles Linglet.
19:46 of 3rd period - Jamie McBain is hit by Hal Gill and loses puck.
Overtime #1
0:01 of 1st overtime period - Blake Comeau wins face-off versus Jamie Benn in neutral zone.
0:07 of 1st overtime period - Minor Penalty to Jamie Benn for Tripping.
0:08 of 1st overtime period - Ryan Carter wins face-off versus Tyler Kennedy in Manchots zone.
0:09 of 1st overtime period - Slapshot by Jamie McBain.
0:09 of 1st overtime period - Goal by Jamie McBain - Manchots : 6 - Influenza : 7.
Output by the SimonT Hockey Simulator (STHS) for François Prévost -- Original Page W3C XHTML 1.0 Valid